 Dungeon Crawl Stone Soup version 0.27-a0-1228-gfd60fd639a (webtiles) character file.

Game seed: 11187816072320536126

3377 robertstho the Thaumaturge (level 10, -2/64 HPs)
             Began as a Djinni Fire Elementalist on June 7, 2021.
             Slain by a wight
             ... wielding a +5 scimitar of freezing
              (3 damage)
             ... on level 8 of the Dungeon.
             The game lasted 00:10:06 (9174 turns).

robertstho the Thaumaturge (DjFE)                   Turns: 9174, Time: 00:10:07

Health: -2/64      AC:  4    Str:  7    XL:     10   Next: 23%
Gold:   292        EV: 14    Int: 25    God:
                   SH:  0    Dex: 19

rFire    + + .     SeeInvis .   s - +8 spear of Analysis {flame, Dex+4}
rCold    x . .     Faith    .   (no shield)
rNeg     . . .     Spirit   .   a - +0 robe
rPois    ∞         Reflect  .   t - +1 hat
rElec    .         Harm     .   u - +0 cloak
rCorr    .         Rampage  .   (no gloves)
Will     +....                  (boots unavailable)
Stlth    ..........             (no amulet)
HPRegen  0.20/turn              f - +6 ring of intelligence
MPRegen  0.00/turn              (no ring)

@: confused, silenced, ambrosia-drunk, flying
A: sickness immunity, fire resistance 2, cold vulnerability 1, float, innate
caster, hp casting, extra vitality 1
a: no special abilities


You were on level 8 of the Dungeon.
You visited 1 branch of the dungeon, and saw 8 of its levels.

You collected 292 gold pieces.

Inventory:

Hand Weapons
 c - a +1 dagger of draining
 s - the +8 spear of Analysis (weapon) {flame, Dex+4}
   (You found it on level 5 of the Dungeon)

   It has been specially enchanted to burn those struck by it, causing extra
   injury to most foes and up to half again as much damage against particularly
   susceptible opponents.
   It affects your dexterity (+4).
Armour
 a - a +0 robe (worn)
 t - a +1 hat (worn)
 u - a +0 cloak (worn)
Jewellery
 f - a +6 ring of intelligence (left hand)
 r - an amulet of the acrobat
Wands
 j - a wand of iceblast (2)
 l - a wand of charming (6)
 x - a wand of polymorph (7)
Scrolls
 g - a scroll of blinking
 h - a scroll of vulnerability {unknown}
 i - a scroll of immolation {unknown}
 m - a scroll of magic mapping {unknown}
 n - a scroll of summoning {unknown}
 o - 2 scrolls of identify
 p - a scroll of noise
 v - a scroll of enchant armour {unknown}
 w - a scroll of amnesia {unknown}
 y - 3 scrolls of enchant weapon {unknown}
 z - a scroll of fear {unknown}
Potions
 d - 2 potions of curing
 k - a potion of resistance


   Skills:
 + Level 2.1 Fighting
 + Level 3.2 Polearms
 * Level 4.8 Armour
 + Level 3.5 Dodging
 + Level 3.7 Stealth
 * Level 8.9 Spellcasting


You had 2 spell levels left.
You knew the following spells:

 Your Spells              Type           Power      Damage    Failure   Level
a - Foxfire               Conj/Fire      100%       2x1d9     1%          1
b - Conjure Flame         Conj/Fire      54%        6-21      1%          3
c - Inner Flame           Hex/Fire       54%        N/A       1%          3
d - Sticky Flame          Conj/Fire      54%        2d7       1%          4
e - Fireball              Conj/Fire      27%        3d12      3%          5
f - Shock                 Conj/Air       100%       1d9       1%          1
g - Corpse Rot            Necr/Air       N/A        N/A       1%          2
h - Poisonous Vapours     Pois/Air       100%       N/A       1%          2
i - Lesser Beckoning      Tloc           27%        N/A       1%          3
Your spell library was empty.

Dungeon Overview and Level Annotations

Branches:
Dungeon (8/15)             Temple (0/1) D:4
   Lair: D:8-11

Altars:
Ashenzari
Dithmenos
Fedhas
Hepliaklqana
Sif Muna
Yredelemnul

Annotations:
D:3 2 transporters, Demosthentine's ghost, amateur MfGl


Innate Abilities, Weirdness & Mutations

You are immune to sickness and miasma.
You are immune to poison.
Your flesh is very heat resistant. (rF++)
You are vulnerable to cold. (rC-)
You float through the air rather than walking.
You learn spells naturally, not from books.
Your magical power is your life essence.
You have superior vitality. (+4 HP)


Message History

There are monsters nearby!
There are monsters nearby!
There are monsters nearby!
An orc and a wight come into view.
A wight comes into view.
It is wielding a +5 scimitar of freezing.
A wight comes into view. It is wielding a +5 falchion.
The gnoll shouts!
You hear a shout!
You hear a bellow! x2; You hear a shout!
As you read the scroll labelled BOEC ZUDEOHEU, it crumbles to dust.
A profound silence engulfs you.
It was a scroll of silence.
Okay, then.
Aiming: Iceblast
Press: ? - help, Shift-Dir - straight line, f - wight
Aim: a wight, wielding a +0 great sword and wearing a +0 robe (silenced)
The mass of ice explodes!
The iceblast engulfs the wight.
The wight partially resists.
The wight is lightly damaged.
The iceblast engulfs the wight!
The wight partially resists.
The wight is severely damaged.
You hit the wight. You burn the wight.
The wight is moderately damaged.
The wight hits you with a +0 great sword!
It was a potion of flight.
You feel more buoyant.
A gnoll comes into view. It is wielding a +0 club.
It was a potion of ambrosia.
You are confused.
You feel invigorated. The yak gores you! The wight closely misses you.
You closely miss the wight.
The wight is severely damaged.
The yak gores you!
The wight hits you with a +5 scimitar of freezing!
* * * LOW HITPOINT WARNING * * *
The wight freezes you!
* * * LOW HITPOINT WARNING * * *
You bump into the rock wall.
The yak gores you.
* * * LOW HITPOINT WARNING * * *
The wight hits you with a +5 scimitar of freezing!
* * * LOW HITPOINT WARNING * * *
The wight freezes you.
You die...

#.# #.#
#.# #.#
#z# #z#
#z# #@#
#Y# #
##g#Y##..#
#ggY..Y.o.
#gg###...#
#..# o#
#..# #..#
#.[.


You could see 2 yaks, a gnoll sergeant, 3 wights and 4 gnolls.

Vanquished Creatures
  A two-headed ogre (D:4)
  Pikel (D:7)
  Grinder (D:3)
  Prince Ribbit (D:5)
  Menkaure (D:6)
  2 sky beasts
  An orc warrior (D:7)
  2 ogres (D:5)
  2 centaurs (D:6)
  3 lemures (D:7)
  A phantom (D:4)
  2 kobold brigands
  A bullfrog (D:7)
  A scorpion (D:5)
  3 howler monkeys (D:7)
  An electric eel (D:6)
  3 hounds
  2 orc priests
  A bullfrog skeleton (D:7)
  3 jellies
  2 iguanas
  6 orc wizards
  12 gnolls
  2 adders
  A shadow imp (D:6)
  A white imp (D:7)
  A worm (D:4)
  3 dart slugs
  18 orcs
  6 endoplasms
  6 giant cockroaches
  6 goblins
  4 hobgoblins
  4 jackals (D:1)
  3 quokkas (D:1)
  3 ball pythons
  2 bats (D:1)
  3 frilled lizards
  7 kobolds
  5 rats
128 creatures vanquished.

Vanquished Creatures (others)
  410 foxfires
  6 plants (D:3)
416 creatures vanquished.

Grand Total: 544 creatures vanquished

Notes
Turn   | Place    | Note
-------+----------+-------------------------------------------
     0 | D:1      | robertstho the Djinni Fire Elementalist began the quest for
                  | the Orb.
     0 | D:1      | Reached XP level 1. HP: 15/15 MP: 0/0
   281 | D:1      | Reached XP level 2. HP: 19/21 MP: 0/0
   402 | D:1      | Reached skill level 3 in Spellcasting
   578 | D:1      | Reached XP level 3. HP: 24/25 MP: 0/0
   578 | D:1      | Learned a level 1 spell: Shock
  1850 | D:2      | Found a faded altar of an unknown god.
  2077 | D:2      | You are sucked into a shaft and drop 1 floor!
  2089 | D:3      | Reached XP level 4. HP: 27/31 MP: 0/0
  2144 | D:3      | Reached skill level 1 in Armour
  2146 | D:3      | Reached XP level 5. HP: 14/35 MP: 0/0
  2146 | D:3      | Learned a level 2 spell: Corpse Rot
  2500 | D:3      | Found a blossoming altar of Fedhas.
  2501 | D:3      | Found a basalt altar of Yredelemnul.
  2589 | D:3      | Found a transporter.
  2605 | D:3      | Noticed Demosthentine's ghost (amateur MfGl)
  2670 | D:3      | Noticed Grinder
  2676 | D:3      | Paralysed by Grinder for 3 turns
  2680 | D:3      | Killed Grinder
  2681 | D:3      | Reached skill level 4 in Spellcasting
  2681 | D:3      | Reached XP level 6. HP: 24/40 MP: 0/0
  2870 | D:3      | Found a transporter.
  2886 | D:3      | Reached skill level 5 in Spellcasting
  3965 | D:4      | Reached XP level 7. HP: 40/45 MP: 0/0
  3965 | D:4      | Learned a level 2 spell: Poisonous Vapours
  4002 | D:4      | Noticed a two-headed ogre
  4010 | D:4      | Killed a two-headed ogre
  4011 | D:4      | Reached skill level 6 in Spellcasting
  4011 | D:4      | Reached XP level 8. HP: 39/50 MP: 0/0
  4273 | D:4      | Reached skill level 7 in Spellcasting
  4644 | D:4      | Found a staircase to the Ecumenical Temple.
  4859 | D:5      | Entered Level 5 of the Dungeon
  4859 | D:5      | Noticed Prince Ribbit
  4865 | D:5      | Killed Prince Ribbit
  4868 | D:5      | Reached XP level 9. HP: 25/55 MP: 0/0
  4868 | D:5      | Learned a level 3 spell: Lesser Beckoning
  5643 | D:5      | Reached skill level 8 in Spellcasting
  5926 | D:5      | Identified the +8 spear of Analysis {flame, Dex+4}
  6129 | D:5      | Found a hazy altar of Hepliaklqana.
  6794 | D:6      | Found a shadowy altar of Dithmenos.
  7093 | D:6      | Noticed Menkaure
  7103 | D:6      | Killed Menkaure
  7285 | D:6      | Reached skill level 1 in Polearms
  7695 | D:7      | Noticed Pikel
  8329 | D:7      | Found a broken altar of Ashenzari.
  8369 | D:7      | Killed Pikel
  8370 | D:7      | Reached skill level 1 in Fighting
  8370 | D:7      | Reached XP level 10. HP: 46/63 MP: 0/0
  9174 | D:8      | HP: 1/64 [wight/+5 scimitar of freezing (9)]
  9174 | D:8      | Slain by a wight

Illustrated notes

Levels and vault maps discovered:
D:1:      ebering_hopf_link, layout_basic
D:2:      layout_loops_ring, ebering_ecumenical_altar_hall, uniq_natasha
D:3:      layout_basic, gammafunk_temple_overflow_statue,
          gammafunk_ghost_gnarly_gnolls, nrook_uturn, kennysheep_generic_room_9,
          uniq_grinder
D:4:      layout_basic, minmay_temple_entry_purple_smoke
D:5:      layout_cave_pools, nicolae_hepliaklqana_hippocampus,
          minmay_misc_feat_secret_circle, item_on_display_a, uniq_prince_ribbit1
D:6:      layout_basic, gammafunk_temple_overflow_pools, fountainhead,
          uniq_menkaure
D:7:      layout_basic, kennysheep_little_box, uniq_pikel
D:8:      layout_loops_ring, gammafunk_temple_overflow_wave, uniq_maurice

Skill      XL: |  1  2  3  4  5  6  7  8  9 10 |
---------------+-------------------------------+-----
Spellcasting   | 3 4 5 6 7 8 |  8.9
Armour         | 1 2 3 4 |  4.8
Stealth        | 2 3 |  3.7
Polearms       | 2 3 |  3.2
Fighting       | 1 2 |  2.1
Dodging        | 3 |  3.5

Action                   |  1- 3 |  4- 6 |  7- 9 | 10-12 || total
-------------------------+-------+-------+-------+-------++-------
Melee: Dagger            |     1 |       |     1 |       ||     2
       Spear             |       |       |    99 |    44 ||   143
 Cast: Foxfire           |    94 |    68 |    87 |       ||   249
       Inner Flame       |       |     1 |       |       ||     1
       Sticky Flame      |       |       |    14 |     3 ||    17
       Conjure Flame     |       |       |     3 |       ||     3
Evoke: Wand              |       |       |       |     1 ||     1
  Use: Scroll            |       |       |     7 |     1 ||     8
       Potion            |       |       |     5 |     2 ||     7
 Stab: Sleeping          |       |       |     2 |       ||     2
Armor: Robe              |     1 |       |    14 |     5 ||    20
Dodge: Dodged            |    13 |    10 |    79 |    21 ||   123

Table legend: (Time is in decaauts)
 A = Elapsed time spent in this place.
 B = Non-inter-level travel time spent in this place.
 C = Inter-level travel time spent in this place.
 D = Time resting spent in this place.
 E = Time spent auto-exploring this place.
 F = Levels seen in this place.
 G = Mean time per level.
                   A        B        C        D        E       F      G
               +--------+--------+--------+--------+--------+-----+--------+
         Total |   9186 |   8749 |    437 |    747 |   6947 |   8 | 1148.2 |
       Dungeon |   9186 |   8749 |    437 |    747 |   6947 |   8 | 1148.2 |
               +--------+--------+--------+--------+--------+-----+--------+

Top non-repeatable levels by time:
     D:3: 1880 daAuts
     D:1: 1776 daAuts
     D:6: 1760 daAuts
     D:5: 1415 daAuts
     D:7: 1124 daAuts
     D:4: 920 daAuts
     D:2: 299 daAuts
     D:8: 9 daAuts
